 Dungeon Crawl Stone Soup version 0.30.0-19-g36f170ea60 (webtiles) character file.

Game seed: 5038621662184715254

24 Graphine the Gusty (level 2, -7/22 HPs)
             Began as a Draconian Air Elementalist on May 28, 2023.
             Mangled by a worm (8 damage)
             ... on level 2 of the Dungeon.
             The game lasted 00:02:23 (1308 turns).

Graphine the Gusty (Draconian Air Elementalist)     Turns: 1308, Time: 00:02:24

Health: -7/22      AC:  4    Str: 10    XL:     2   Next: 79%
Magic:  0/5        EV:  6    Int: 15    God:
Gold:   75         SH:  0    Dex: 11    Spells: 2/5 levels left

rFire   . . .        b - +0 dagger (freeze)
rCold   . . .        (no shield)
rNeg    . . .        (body armour unavailable)
rPois   .            (helmet restricted)
rElec   .            (no cloak)
rCorr   .            (no gloves)
SInv    .            (no boots)
Will    +....        (no amulet)
Stlth   ++           h - ring of willpower
HPRegen 0.23/turn    (no ring)
MPRegen 0.09/turn

%: no passive effects
@: lethally poisoned (-7 -> -13), held
A: AC +4, unfitting armour, cold-blooded
a: no special abilities


You were on level 2 of the Dungeon.
You visited 1 branch of the dungeon, and saw 2 of its levels.

You collected 75 gold pieces.

Inventory:

Hand Weapons
 b - a +0 dagger of freezing (weapon)
Jewellery
 h - a ring of willpower (left hand)
Scrolls
 d - 2 scrolls of identify {unknown}
 e - a scroll of enchant weapon {unknown}
 g - a scroll of poison {unknown}
 i - a scroll of fog {unknown}
Potions
 a - a potion of magic
 c - a potion of flight {unknown}
 f - a potion of attraction {unknown}
 j - a potion of brilliance {unknown}


   Skills:
 + Level 0.5 Fighting
 + Level 1.9 Dodging
 - Level 1.7 Stealth
 + Level 2.1 Spellcasting
 * Level 1.9 Conjurations
 * Level 3.3 Air Magic


You had 2 spell levels left.
You knew the following spells:

 Your Spells              Type           Power      Damage    Failure   Level
a - Shock                 Conj/Air       36%        1d5       8%          1
b - Static Discharge      Conj/Air       18%        2-3/arc   11%         2

Your spell library contained the following spells:

 Spells                   Type           Power      Damage    Failure   Level
 Swiftness                Air            11%        N/A       17%         3
 Airstrike                Air            5%         2d(1-17)  50%         4


Dungeon Overview and Level Annotations

Branches:
Dungeon (2/15)

Altars:

Shops:
D:1 ?


Innate Abilities, Weirdness & Mutations

Your plain brown scales are hard. (AC +4)
You cannot fit into any form of body armour.
You are cold-blooded and may be slowed by cold attacks.


Message History

The worm bites you.
* * * LOW HITPOINT WARNING * * *
Hit: b) +0 dagger (freeze)
Press: ? - help, Dir - move target, f/p - worm
Aim: a worm (severely wounded, about 21% to evade your +0 dagger of freezing)
You hit the worm but do no damage.
The worm is severely wounded.
The worm bites you.
* * * LOW HITPOINT WARNING * * *
Your magical contamination has completely faded away.
You see here a ruby potion.
Found a falchion.
A gnoll comes into view. It is wielding a +1 spear of venom.
A gnoll comes into view. It is wielding a +0 flail.
The gnoll shouts! x2; You hear a shout!
The gnoll throws a throwing net.
The throwing net hits you.
You become entangled in the net!
You see here a throwing net.
You struggle against the net.
Unknown command.
A gnoll comes into view. It is wielding a +0 club.
The gnoll shouts!
The worm barely misses you.
A gnoll comes into view.
It is wielding a +2 flail of protection.
The gnoll hits you from afar with a +1 spear of venom.
* * * LOW HITPOINT WARNING * * *
You are lethally poisoned!
Casting: Static Discharge (safe; 11% risk of failure)
Confirm with . or Enter, or press ? or * to list all spells.
The worm is struck by an arc of lightning.
The worm is moderately wounded.
The gnoll is struck by an arc of lightning.
The gnoll is moderately wounded.
The gnoll is struck by an arc of lightning.
The gnoll is heavily wounded.
The lightning grounds out.
The gnoll shouts!
* * * LOW HITPOINT WARNING * * *
You feel sick. The gnoll barely misses you. The worm bites you!
You die...

##.........#######
.####+#..........#######
........................
...............#........
.............#.#........
g..g......##.#..........
..........##.#..........
.....g.......#..........
......g@.....#.#........
.......w................
...##...#..............
.....................
...##........#.......
.............+.......
.....>####...#.......
......#!.....+......
#.......###### ....)


You could see a worm and 4 gnolls.

Vanquished Creatures
  7 endoplasms
  A giant cockroach (D:1)
  A goblin (D:2)
  3 kobolds (D:1)
  A quokka (D:1)
  3 ball pythons (D:1)
  A frilled lizard (D:1)
  5 rats
22 creatures vanquished.

Notes
Turn   | Place    | Note
-------+----------+-------------------------------------------
     0 | D:1      | Graphine the Draconian Air Elementalist began the quest for
                  | the Orb.
     0 | D:1      | Reached XP level 1. HP: 14/14 MP: 3/3
    93 | D:1      | Found Joas Sia's Magic Scroll Shop.
   400 | D:1      | Reached XP level 2. HP: 22/22 MP: 1/5
   539 | D:1      | Learned a level 2 spell: Static Discharge
  1308 | D:2      | HP: 1/22 [poisoned by a gnoll]
  1308 | D:2      | Mangled by a worm

Illustrated notes

Levels and vault maps discovered:
D:1:      spicycebolla_green_bress_n_ham, layout_basic, serial_shops, shop
D:2:      layout_basic, serial_shops, shop

Action                     || total
---------------------------++-------
  Melee: Unarmed           ||     2
         Dagger            ||    10
   Cast: Shock             ||    38
         Static Discharge  ||     4
 Armour: Skin              ||     3
  Dodge: Dodged            ||     7
